 Dungeon Crawl Stone Soup version 0.21.1-1-g345015f (webtiles) character file.

277752 letownia2 the Wrestler (level 19, 0/152 HPs)
             Began as a Demonspawn Wizard on Feb 10, 2018.
             Was an Initiate of Gozag.
             Slain by a two-headed ogre
             ... wielding a +0 giant club
              (14 damage)
             ... on level 1 of the Vaults.
             The game lasted 04:10:45 (58069 turns).

letownia2 the Wrestler (Demonspawn Wizard)         Turns: 58069, Time: 04:10:46

Health: 0/152      AC: 17    Str: 15    XL:     19   Next: 61%
Magic:  0/34       EV: 11    Int: 22    God:    Gozag
Gold:   3389       SH:  4    Dex:  9    Spells: 19/41 levels left

rFire    + + +     SeeInvis .     - Unarmed
rCold    + . .     Gourm    .   (no shield)
rNeg     + . .     Faith    .   Q - +0 fire dragon scales
rPois    .         Spirit   +   u - +0 helmet of the Midnight Sun {+Fly rC+ rCorr}
rElec    .         Reflect  .   C - scarf {repulsion}
rCorr    +         Harm     .   (gloves unavailable)
MR       +++..                  y - +2 pair of boots {run}
Stlth    ++........             U - amulet of guardian spirit
HPRegen  2.35/turn              t - ring "Keynoadi" {+Inv rN+ MR+ Dex-3}
MPRegen  0.24/turn              K - ring of protection from cold

@: about to teleport, gold aura, drained, repel missiles, quick
A: claws 3, large bone plates 1, fire resistance 1, magic resistance 1,
nightstalker 2, powered by death 1, strong 1, augmentation 1
}: 2/15 runes: decaying, serpentine
a: Potion Petition, Call Merchant, Bribe Branch, Renounce Religion, Evoke
Invisibility, Evoke Flight


You were on level 1 of the Vaults.
You worshipped Gozag.
Gozag was most pleased with you.
You were very hungry.

You visited 9 branches of the dungeon, and saw 38 of its levels.
You visited 1 bazaar.
You also visited: Sewer, Ice Cave and Volcano.

You collected 15791 gold pieces.
You spent 788 gold pieces at shops.
You paid 11614 gold pieces to Gozag.

Inventory:

Hand Weapons
 c - a +0 blowgun
Missiles
 V - 15 curare-tipped needles
Armour
 u - the +0 helmet of the Midnight Sun (worn) {+Fly rC+ rCorr}
   (You bought it in a shop on level 2 of the Orcish Mines)

   It protects you from cold.
   It lets you fly.
   It protects you from acid and corrosion.
 y - a +2 pair of boots of running (worn)
 C - a scarf of repulsion (worn)
 I - a +0 cloak of magic resistance
 Q - +0 fire dragon scales (worn)
 R - a +2 chain mail of poison resistance
Magical Staves
 d - an uncursed staff of air
Jewellery
 e - an uncursed amulet of rage
 m - an uncursed ring of protection from fire
 t - the ring "Keynoadi" (left claw) {+Inv rN+ MR+ Dex-3}
   (You bought it in a shop on level 2 of the Elven Halls)

   [ring of positive energy]

   It affects your dexterity (-3).
   It protects you from negative energy.
   It affects your resistance to hostile enchantments.
   It lets you turn invisible.
 v - an uncursed ring of wizardry
 H - the ring "Qixzootui" {rCorr *Slow MR+ Str+3 Int+6}
   (You found it in an ice cave)

   [ring of resist corrosion]

   It affects your strength (+3).
   It affects your intelligence (+6).
   It affects your resistance to hostile enchantments.
   It may slow you when you take damage.
 K - a ring of protection from cold (right claw)
 U - an amulet of guardian spirit (around neck)
Wands
 g - a wand of flame (14)
 h - a wand of digging (5)
 o - a wand of scattershot (5)
 D - a wand of acid (7)
 O - a wand of disintegration (26)
 Z - a wand of paralysis (15)
Scrolls
 i - 8 scrolls of identify
 k - 9 scrolls of teleportation
 p - 4 scrolls of fog
 q - 5 scrolls of immolation
 w - 4 scrolls of fear
 z - 3 scrolls of summoning
 E - a scroll of enchant armour
 F - 4 scrolls of blinking
 X - 5 scrolls of magic mapping
 Y - 14 scrolls of remove curse
Potions
 a - 3 potions of haste
 f - 4 potions of heal wounds
 j - a potion of berserk rage
 l - 4 potions of cancellation
 n - 15 potions of curing
 s - 3 potions of mutation
 x - 7 potions of flight
 A - 8 potions of brilliance
 G - 8 potions of agility
 J - 4 potions of resistance
 L - 3 potions of ambrosia
 M - 7 potions of might
 N - 8 potions of lignification
 P - 5 potions of invisibility
 S - 2 potions of magic
Miscellaneous
 b - a phial of floods
 B - a lamp of fire (inert)
 W - a fan of gales
Comestibles
 r - 12 rations


   Skills:
 - Level 14.0(13.9) Fighting
 - Level 12.7(12.6) Armour
 - Level 4.7(4.6) Dodging
 - Level 1.7 Stealth
 + Level 21.3(21.2) Unarmed Combat
 - Level 11.6(11.5) Spellcasting
 - Level 4.0(3.9) Conjurations
 - Level 2.7(2.6) Hexes
 - Level 2.0(1.9) Summonings
 - Level 4.2 Translocations
 - Level 5.5 Fire Magic
 - Level 6.6(6.5) Air Magic
 - Level 2.1(2.0) Poison Magic
 - Level 2.4(2.3) Evocations


You had 19 spell levels left.
You knew the following spells:

 Your Spells              Type           Power        Failure   Level  Hunger
a - Magic Dart            Conj           ####         3%          1    None
b - Blink                 Tloc           N/A          4%          2    None
c - Conjure Flame         Conj/Fire      ####....     8%          3    None
d - Confusing Touch       Hex            ###...       6%          1    None
e - Mephitic Cloud        Conj/Pois/Air  ####....     10%         3    None
f - Spider Form           Tmut/Pois      ###.......   34%         3    None
l - Searing Ray           Conj           ####..       5%          2    None
p - Poisonous Vapours     Pois/Air       ####..       4%          2    None
w - Apportation           Tloc           ####..       3%          1    None
x - Dazzling Spray        Conj/Hex       ####..       14%         3    None
z - Summon Butterflies    Summ           ###.....     8%          1    None


Dungeon Overview and Level Annotations

Branches:
Dungeon (15/15)            Temple (1/1) D:6            Lair (6/6) D:9
  Swamp (4/4) Lair:2        Snake (4/4) Lair:2        Slime (3/5) Lair:5
    Orc (2/2) D:9             Elf (2/3) Orc:2        Vaults (1/5) D:14
 Depths (0/5) D:15

Altars:
Ashenzari
Dithmenos
Fedhas
Gozag
Kikubaaqudgha
Makhleb
Nemelex Xobeh
Okawaru
Qazlal
Sif Muna
Trog
Uskayaw
Vehumet
Xom
Yredelemnul
Zin
The Shining One
Beogh

Shops:
D:6 [   D:8 :   D:10 =[*}   D:13 [?   Orc:1 =   Orc:2 [((=   Elf:2 *
Lair:1 [[   Lair:2 [=[[:[}   Snake:3 *   Vaults:1 :

Annotations:
Lair:6 1 runed door
Snake:4 exclusion: Roxanne, Roxanne
Elf:2 3 runed doors


Innate Abilities, Weirdness & Mutations

You have claws for hands.
You are partially covered in large bone plates. (SH +4)
You are significantly more attuned to the shadows.
You regenerate a little health from kills.
Your magical and physical power is slightly enhanced at high health.
Your flesh is heat resistant. (rF+)
You are resistant to hostile enchantments. (MR+)
Your muscles are strong. (Str +2)


Message History

The vault warden is lightly wounded.
The bolt of acid misses the two-headed ogre.
The bolt of acid misses the ogre mage.
The two-headed ogre is engulfed in blazing flames.
The two-headed ogre hits you with a giant club!
The two-headed ogre barely misses you.
An ogre comes into view. It is wielding a giant club.
Unknown command.
Unknown command.
As you read the scroll of teleportation, it crumbles to dust.
You feel strangely unstable.
The ogre is distracted by the nearby gold.
The vault warden is engulfed in blazing flames.
The vault warden hits you with a war axe of freezing!!!
* * * LOW HITPOINT WARNING * * *
The vault warden freezes you.
* * * LOW HITPOINT WARNING * * *
The two-headed ogre hits you with a giant club!
You die...
Your body crumbles into a pile of gold.

..........# #$.#
..........#.......#.$#
..........#.......#$$# ..
.....z....#......§#..#...
........>.#......§#.$#...
### #....#.....O§#..+...
###..######$##..#...
##......Op$$..#...
#..O....@....# ..
#............#
#z...........+.
#............#..
#............#..
#............# ##.∩......
###......... $
#.).........


You could see a vault warden, a two-headed ogre, an ogre mage and an ogre
(unaware).

Vanquished Creatures
  Vashnia (Snake:3)
  Saint Roka (Vaults:1)
  Nikola (Snake:3)
  Jorgrun (Snake:3)
  Rupert (Lair:4)
  5 acid blobs
  Gastronok (D:10)
  3 thorn hunters
  Donald (Swamp:3)
  8 nagarajas
  3 azure jellies
  A frost giant (IceCv)
  A vault warden (Vaults:1)
  An orc warlord (Orc:1)
  Aizul (Snake:3)
  6 ironheart preservers (Vaults:1)
  A deep elf demonologist (Elf:1)
  Azrael (D:15)
  The ghost of xccam the Bludgeoner, a journeyman MiBe of Trog (Lair:6)
  An ettin (shapeshifter) (D:15)
  Snorg (D:13)
  A crystal guardian (D:13)
  Josephine (D:11)
  The ghost of Monsterracer the Arsonist, a journeyman FeFE of Vehumet (Snake:1)
  A yaktaur captain (Vaults:1)
  A deep elf high priest (Elf:2)
  2 great orbs of eyes
  6 ogre magi
  2 rakshasas (D:15)
  A vault guard (Vaults:1)
  The ghost of Ratty the Warrior, a novice CeBe of Trog (D:9)
  A ghost crab (Swamp:1)
  19 hydras
  The ghost of rlgrobin the Fighter, a journeyman VSFi of Makhleb (Orc:2)
  9 naga warriors
  A catoblepas (D:13)
  2 death knights (Vaults:1)
  2 centaur warriors
  24 two-headed ogres
  16 naga sharpshooters
  6 death yaks
  5 anacondas
  10 alligators
  Urug (Lair:3)
  4 shock serpents
  An orc high priest (Orc:2)
  Sonja (Lair:4)
  An iron troll (D:14)
  A fire crab (Volcano)
  7 skeletal warriors
  15 deep elf knights
  A sea snake (shapeshifter) (Elf:1)
  3 unseen horrors
  A shambling mangrove (Swamp:4)
  A flayed ghost (Vaults:1)
  12 swamp dragons
  A glowing orange brain (D:15)
  A wizard (D:14)
  5 naga ritualists
  Pikel (D:6)
  6 deep elf archers
  5 ironbrand convokers (Vaults:1)
  An obsidian statue (D:12)
  23 deep elf magi
  6 orc knights
  2 lindwurms
  3 harpies (Vaults:1)
  A phantasmal warrior (D:14)
  3 shining eyes
  3 orc sorcerers
  5 mana vipers
  A manticore (shapeshifter) (D:15)
  17 ugly things
  5 cyclopes
  A manticore (D:15)
  29 black mambas
  7 elephants (Lair:3)
  2 guardian serpents
  2 ice statues
  22 naga magi
  A vault sentinel (Vaults:1)
  An eye of devastation (Slime:1)
  11 spiny frogs
  A molten gargoyle (Volcano)
  A gargoyle (D:11)
  3 centaur skeletons
  5 torpor snails (Lair:6)
  8 rime drakes
  A yaktaur (D:13)
  A freezing wraith (D:14)
  5 komodo dragons
  A troll (shapeshifter) (D:15)
  A queen bee (D:12)
  4 trolls
  6 meliai (D:13)
  25 polar bears
  The ghost of Masnef the Covert, a novice SpEn of Kikubaaqudgha (D:4)
  7 tyrant leeches
  A hornet (shapeshifter) (D:15)
  8 blink frogs
  10 bog bodies
  13 hornets
  42 slime creatures
  2 raiju (Lair:6)
  6 dream sheep
  11 hippogriffs
  A meliai zombie (D:15)
  5 shadows
  A yak (shapeshifter) (Elf:1)
  35 yaks
  3 water elementals
  4 spriggans
  8 wraiths
  3 air elementals (Elf:1)
  5 fire elementals
  A hog (shapeshifter) (Vaults:1)
  A hungry ghost (D:7)
  Eustachio (D:6)
  A golden eye (shapeshifter) (D:13)
  2 basilisks
  13 fire bats
  12 golden eyes
  A steam dragon (Volcano)
  19 vampire mosquitoes
  19 swamp worms
  24 insubstantial wisps
  27 nagas
  A soldier ant (D:12)
  8 wargs
  An acid dragon (D:13)
  4 porcupines
  8 water moccasins
  19 hell hounds
  8 swamp drakes
  2 ice beasts
  3 sky beasts
  4 slaves
  12 black bears
  38 orc warriors
  11 necrophages
  28 wolves
  A hornet zombie (D:14)
  23 ogres
  3 boggarts (Vaults:1)
  11 centaurs
  2 eyes of draining
  8 crocodiles
  2 big kobolds (D:11)
  16 bullfrogs
  2 earth elementals
  3 wyvern skeletons
  9 scorpions
  7 jellies
  12 killer bees
  2 troll zombies (Swamp:2)
  16 wights
  2 howler monkeys
  4 electric eels
  3 crimson imps
  3 quasits
  2 centaur zombies
  7 lava snakes (Volcano)
  3 bullfrog zombies
  26 orc priests
  7 hounds
  Jessica (D:2)
  Natasha (thrice) (D:2)
  4 iguanas
  21 orc wizards
  10 worker ants
  A hound skeleton (D:4)
  A howler monkey zombie (D:9)
  Robin (D:2)
  2 worker ant zombies
  19 adders
  2 river rats
  5 shadow imps
  3 oozes (Sewer)
  An adder skeleton (D:7)
  An adder zombie (D:9)
  4 worms
  2 dart slugs
  4 leopard geckos
  107 orcs
  6 ball pythons
  9 bats
  8 giant cockroaches
  10 hobgoblins
  11 jackals
  21 kobolds
  4 quokkas
  6 frilled lizards
  13 goblins
  A quokka zombie (D:9)
  9 rats
  A bush (D:9)
  A fungus (Lair:4)
  A plant (Lair:6)
1331 creatures vanquished.

Vanquished Creatures (collateral kills)
  A killer bee (D:9)
1 creature vanquished.

Vanquished Creatures (others)
  9 dancing weapons
  A water elemental (Elf:1)
  A swamp worm (Swamp:1)
  7 bushes
  8 fungi
  39 plants
65 creatures vanquished.

Grand Total: 1397 creatures vanquished

Notes
Turn   | Place    | Note
-------+----------+-------------------------------------------
     0 | D:1      | letownia2 the Demonspawn Wizard began the quest for the Orb.
     0 | D:1      | Reached XP level 1. HP: 13/13 MP: 4/4
   335 | D:1      | Gained mutation: You have sharp fingernails. [demonic ancestry]
   335 | D:1      | Reached XP level 2. HP: 19/19 MP: 1/6
   611 | D:2      | Noticed Natasha
   613 | D:2      | Noticed a crimson imp
   616 | D:2      | Noticed a crimson imp
   634 | D:2      | Noticed a crimson imp
  1465 | D:2      | Reached XP level 3. HP: 22/24 MP: 0/7
  1470 | D:2      | Learned a level 3 spell: Mephitic Cloud
  1474 | D:2      | Learned a level 3 spell: Conjure Flame
  1669 | D:2      | Noticed Jessica
  1680 | D:2      | Killed Jessica
  1680 | D:2      | Reached XP level 4. HP: 10/30 MP: 1/8
  1731 | D:2      | Killed Natasha
  1731 | D:2      | Reached skill level 1 in Air Magic
  1731 | D:2      | Reached skill level 1 in Poison Magic
  1798 | D:2      | Learned a level 2 spell: Blink
  2094 | D:3      | Reached skill level 1 in Translocations
  2206 | D:3      | Gained mutation: You are slightly more attuned to the shadows. [demonic ancestry]
  2206 | D:3      | Reached XP level 5. HP: 29/35 MP: 3/9
  2455 | D:4      | You fall through a shaft for 2 floors!
  2463 | D:6      | Reached skill level 1 in Fire Magic
  2522 | D:6      | Noticed Eustachio
  2582 | D:6      | Found a staircase to the Ecumenical Temple.
  2589 | Temple   | Entered the Ecumenical Temple
  2618 | Temple   | Became a worshipper of Gozag Ym Sagoz the Greedy
  2794 | D:6      | Noticed Pikel
  2794 | D:6      | Noticed a slave
  2794 | D:6      | Noticed a slave
  2795 | D:6      | Noticed a slave
  2795 | D:6      | Noticed a slave
  2851 | D:6      | Noticed an orc warrior
  2881 | D:6      | Reached XP level 6. HP: 34/41 MP: 2/10
  2947 | D:6      | Found a glowing drain.
  2991 | Sewer    | Entered a sewer
  3546 | D:6      | Killed an orc warrior
  3546 | D:6      | Reached skill level 1 in Fighting
  3704 | D:6      | Killed Eustachio
  3704 | D:6      | Reached XP level 7. HP: 51/51 MP: 0/13
  3839 | D:5      | Entered Level 5 of the Dungeon
  3849 | D:5      | Learned a level 2 spell: Searing Ray
  4061 | D:5      | Found a sparkling altar of Nemelex Xobeh.
  4085 | D:5      | Reached skill level 5 in Spellcasting
  4400 | D:5      | Gained mutation: You have very sharp fingernails. [demonic ancestry]
  4400 | D:5      | Reached XP level 8. HP: 58/58 MP: 7/17
  4601 | D:4      | Noticed Masnef's ghost (novice SpEn)
  4613 | D:4      | Killed Masnef's ghost
  4650 | D:4      | Found a hide-covered altar of Uskayaw.
  5239 | D:3      | Found a shattered altar of Ashenzari.
  5812 | D:4      | Found a deep blue altar of Sif Muna.
  6032 | D:3      | Found an iron altar of Okawaru.
  6337 | D:2      | Noticed Robin
  6351 | D:2      | Killed Robin
  6616 | D:2      | Noticed Natasha
  6625 | D:2      | Killed Natasha
  6773 | D:6      | Killed Pikel
  7525 | D:2      | Noticed Natasha
  7534 | D:2      | Killed Natasha
  7826 | D:7      | Reached skill level 5 in Fighting
  7843 | D:7      | Reached XP level 9. HP: 68/68 MP: 20/20
  7849 | D:7      | Got a slimy hand axe
  7850 | D:7      | Identified the +9 hand axe of Radicalism {freeze, rC+} (You found it on level 7 of the Dungeon)
  8205 | D:7      | Found an iron altar of Okawaru.
  8209 | D:7      | Found a radiant altar of Vehumet.
  8342 | D:7      | Got a crystal dagger
  8654 | D:7      | Learned a level 3 spell: Dazzling Spray
  8655 | D:8      | Found Tuts's Book Boutique.
  8726 | D:8      | Reached skill level 1 in Armour
  8932 | D:8      | Noticed a two-headed ogre
  8951 | D:8      | Killed a two-headed ogre
  9158 | D:8      | Gained mutation: You are partially covered in large bone plates. (SH +4) [demonic ancestry]
  9158 | D:8      | Reached XP level 10. HP: 63/80 MP: 21/21
  9527 | D:9      | Reached skill level 1 in Unarmed Combat
  9616 | D:9      | Found a staircase to the Lair.
  9657 | D:9      | Found a staircase to the Orcish Mines.
  9672 | D:9      | Reached skill level 2 in Unarmed Combat
  9775 | D:9      | Reached skill level 3 in Unarmed Combat
  9890 | D:9      | Noticed Ratty's ghost (novice CeBe)
  9906 | D:9      | Killed Ratty's ghost
  9906 | D:9      | Reached skill level 5 in Unarmed Combat
 10359 | D:10     | Entered Level 10 of the Dungeon
 10377 | D:10     | Reached skill level 6 in Unarmed Combat
 10384 | D:10     | Found Zyuhef's Jewellery Shop.
 10516 | D:10     | Noticed Gastronok
 10542 | D:10     | Killed Gastronok
 10542 | D:10     | Reached skill level 7 in Unarmed Combat
 10542 | D:10     | Gained mutation: You regenerate a little health from kills. [demonic ancestry]
 10542 | D:10     | Reached XP level 11. HP: 87/87 MP: 8/23
 10659 | D:10     | Found Ixkeg's Gadget Emporium.
 10684 | D:10     | Got an uncursed jewelled quarterstaff {speed}
 10685 | D:10     | Identified the +8 quarterstaff "Tevvo" {speed, Str+5 Stlth-} (You took it off a centaur on level 10 of the Dungeon)
 10692 | D:10     | Noticed a two-headed ogre
 10782 | D:10     | Killed a two-headed ogre
 10782 | D:10     | Reached skill level 8 in Unarmed Combat
 10868 | D:10     | Reached skill level 9 in Unarmed Combat
 10996 | D:10     | Found a transporter.
 11277 | D:10     | Found Xaufuga's Assorted Antiques.
 11320 | D:10     | Bought a scroll labeled ERUMAR CINYTHAA for 22 gold pieces
 11320 | D:10     | Bought a scroll labeled WEELLU CIAFENI for 22 gold pieces
 11320 | D:10     | Bought a scroll labeled DOG FOHOQOITIN for 22 gold pieces
 11336 | D:10     | Found Ynnueset's Armour Shoppe.
 11580 | D:11     | Noticed Josephine
 11852 | D:11     | Reached skill level 1 in Evocations
 12026 | D:11     | Learned a level 1 spell: Summon Butterflies
 12105 | D:11     | Killed Josephine
 12151 | D:11     | Noticed a red ugly thing
 12192 | D:11     | Killed a red ugly thing
 12203 | D:11     | Reached skill level 10 in Unarmed Combat
 13173 | Lair:1   | Entered Level 1 of the Lair of Beasts
 14427 | Lair:2   | Noticed a seven-headed hydra
 14466 | Lair:2   | Reached skill level 11 in Unarmed Combat
 14497 | Lair:2   | Found a staircase to the Snake Pit.
 14640 | Lair:2   | Gained mutation: You are significantly more attuned to the shadows. [demonic ancestry]
 14640 | Lair:2   | Reached XP level 12. HP: 72/94 MP: 10/24
 14663 | Lair:2   | Found a dark tunnel.
 14675 | Volcano  | Entered a volcano
 15632 | Volcano  | Found a radiant altar of Vehumet.
 15827 | Lair:2   | Found a staircase to the Swamp.
 16198 | Orc:1    | Entered Level 1 of the Orcish Mines
 16365 | Orc:1    | Found Ceqaig's Jewellery Shop.
 16459 | Orc:1    | Found a burning altar of Makhleb.
 16816 | Orc:2    | Entered Level 2 of the Orcish Mines
 16902 | Orc:2    | Noticed rlgrobin's ghost (journeyman VSFi)
 16975 | Orc:2    | Paralysed by an orc sorcerer for 2 turns
 17024 | Orc:2    | Killed rlgrobin's ghost
 17024 | Orc:2    | Reached skill level 5 in Armour
 17163 | Orc:2    | Noticed an orc high priest
 17340 | Orc:2    | Killed an orc high priest
 17771 | Orc:2    | Found a roughly hewn altar of Beogh.
 17771 | Orc:2    | Found Paodoski's Weapon Shoppe.
 17820 | Orc:2    | Found a staircase to the Elven Halls.
 18000 | Orc:2    | Found a roughly hewn altar of Beogh.
 18066 | Orc:2    | Found a roughly hewn altar of Beogh.
 18079 | Orc:2    | Found Meawauc's Jewellery Boutique.
 18143 | Orc:2    | Found a roughly hewn altar of Beogh.
 18243 | Orc:2    | Noticed an orc warlord
 18615 | Orc:1    | Killed an orc warlord
 18963 | Orc:2    | Found Nopiotit's Antique Weapon Boutique.
 18965 | Orc:2    | Found a roughly hewn altar of Beogh.
 18966 | Orc:2    | Found Atwuskat's Antique Armour Shop.
 18981 | Orc:2    | Bought a fine helmet for 275 gold pieces
 18991 | Orc:2    | Identified the +0 helmet of the Midnight Sun {+Fly rC+ rCorr} (You bought it in a shop on level 2 of the Orcish Mines)
 19196 | Lair:2   | Killed a seven-headed hydra
 19196 | Lair:2   | Reached XP level 13. HP: 91/103 MP: 13/25
 19256 | Lair:3   | Reached skill level 1 in Hexes
 19624 | Lair:3   | Got an ancient cloak
 19636 | Lair:3   | Identified the cursed +0 cloak of Dishonesty {*Slow Dex+5 SInv} (You found it on level 3 of the Lair of Beasts)
 21169 | D:12     | Reached skill level 12 in Unarmed Combat
 22183 | D:13     | Found Ezacw's Magic Scroll Boutique.
 22186 | D:13     | Bought a scroll of noise for 14 gold pieces
 22244 | D:13     | Reached skill level 5 in Air Magic
 22276 | D:13     | Learned a level 1 spell: Confusing Touch
 22316 | D:13     | Learned a level 1 spell: Apportation
 22440 | D:13     | Noticed a crystal guardian
 22980 | D:13     | Noticed Snorg
 23010 | D:13     | Killed Snorg
 23542 | Lair:4   | Noticed Urug
 23872 | D:13     | Found a burning altar of Makhleb.
 24076 | D:13     | Reached XP level 14. HP: 102/109 MP: 27/27
 24112 | D:13     | Learned a level 2 spell: Poisonous Vapours
 24525 | D:13     | Found Xipti's Armour Boutique.
 24582 | D:13     | Found a glowing golden altar of the Shining One.
 24630 | D:13     | Found an opulent altar of Gozag.
 24784 | D:13     | Reached skill level 10 in Spellcasting
 24838 | D:13     | Reached skill level 10 in Armour
 25132 | D:13     | Reached skill level 13 in Unarmed Combat
 25138 | D:13     | Got a distressingly furry plate armour
 25149 | D:13     | Identified the +12 plate armour "Lyumoeme" {MP+9 Str-5 Int+2 Dex+3} (You took it off an orc knight on level 13 of the Dungeon)
 25361 | D:14     | Found a shadowy altar of Dithmenos.
 25564 | D:14     | Identified a +1 pair of boots of running (You found it on level 14 of the Dungeon)
 25607 | D:14     | Found a frozen archway.
 25642 | IceCv    | Entered an ice cave
 26992 | IceCv    | Noticed a frost giant
 27012 | IceCv    | Killed a frost giant
 27067 | IceCv    | Got a heavily runed copper ring
 27069 | IceCv    | Identified the ring "Qixzootui" {rCorr *Slow MR+ Str+3 Int+6} (You found it in an ice cave)
 27611 | D:14     | Found a gate to the Vaults.
 28265 | Lair:3   | Killed Urug
 28497 | Lair:4   | Got a twisted leather armour
 28589 | Lair:4   | Reached skill level 14 in Unarmed Combat
 28614 | Lair:4   | Noticed Sonja
 28623 | Lair:4   | Noticed Rupert
 28748 | Lair:4   | Killed Sonja
 28792 | Lair:3   | Identified the +3 leather armour "Ulecyari" {rElec Str+4} (You found it on level 4 of the Lair of Beasts)
 28979 | Lair:4   | Killed Rupert
 29480 | Lair:5   | Found a staircase to the Slime Pits.
 29920 | Lair:5   | Reached XP level 15. HP: 77/115 MP: 16/29
 30249 | Lair:6   | Entered Level 6 of the Lair of Beasts
 30452 | Lair:6   | Noticed xccam's ghost (journeyman MiBe)
 31139 | Lair:6   | Killed xccam's ghost
 32188 | Lair:6   | Found a runed door.
 32193 | Lair:6   | Reached skill level 15 in Unarmed Combat
 32591 | Lair:6   | Got a fine scale mail
 32602 | Lair:6   | Identified the +3 scale mail of Benevolence {*Corrode rElec Int+3 SInv} (You found it on level 6 of the Lair of Beasts)
 32737 | Lair:3   | Reached skill level 10 in Fighting
 32918 | D:10     | Found a roughly hewn altar of Beogh.
 33009 | D:10     | Got an encrusted leather armour
 33014 | D:10     | Found a transporter.
 33061 | D:10     | Identified the cursed +1 leather armour of the Vanishing Spirits {-Cast rPois Dex+2} (You found it on level 10 of the Dungeon)
 33546 | D:9      | Found a blossoming altar of Fedhas.
 33876 | Elf:1    | Entered Level 1 of the Elven Halls
 34298 | Elf:1    | Reached skill level 16 in Unarmed Combat
 35568 | Elf:1    | Gained mutation: You have claws for hands. [demonic ancestry]
 35568 | Elf:1    | Reached XP level 16. HP: 80/122 MP: 18/30
 36674 | Elf:1    | Reached skill level 17 in Unarmed Combat
 36786 | Elf:2    | Learned a level 3 spell: Spider Form
 37057 | Elf:2    | Found a runed gate.
 37057 | Elf:2    | Found a runed gate.
 37057 | Elf:2    | Found a runed gate.
 37077 | Elf:2    | Found Ycacril's Assorted Antiques.
 37094 | Elf:2    | Bought a twitching iron ring for 100 gold pieces
 37094 | Elf:2    | Bought a scroll labeled MYIMOV MICRE for 20 gold pieces
 37099 | Elf:2    | Identified the ring "Keynoadi" {+Inv rN+ MR+ Dex-3} (You bought it in a shop on level 2 of the Elven Halls)
 37638 | Swamp:1  | Entered Level 1 of the Swamp
 40264 | Swamp:3  | Noticed a thorn hunter
 40279 | Swamp:2  | Killed a thorn hunter
 40279 | Swamp:2  | Reached skill level 18 in Unarmed Combat
 40603 | Swamp:3  | Noticed a thorn hunter
 40642 | Swamp:3  | Killed a thorn hunter
 41811 | Lair:2   | Bought a pair of brightly glowing boots for 313 gold pieces
 41833 | Lair:2   | Identified the +0 pair of boots of the Cuttlefish {-Cast rF++ rN+ Dex+3} (You bought it in a shop on level 2 of the Lair of Beasts)
 41876 | Snake:1  | Entered Level 1 of the Snake Pit
 42608 | Snake:1  | Reached XP level 17. HP: 124/129 MP: 23/32
 42693 | Snake:1  | Noticed Monsterracer's ghost (journeyman FeFE)
 42704 | Snake:1  | Killed Monsterracer's ghost
 42847 | Snake:1  | Found a gateway to a bazaar.
 44234 | Snake:3  | Noticed Jorgrun
 44529 | Snake:3  | Killed Jorgrun
 44638 | Snake:3  | Reached skill level 5 in Fire Magic
 44694 | Snake:3  | Found Ekutulok's Assorted Antiques.
 44839 | Snake:3  | Noticed Nikola
 44866 | Snake:3  | Killed Nikola
 45115 | Snake:3  | Noticed Aizul
 45476 | Snake:3  | Noticed Vashnia
 45481 | Snake:3  | Killed Aizul
 45687 | Swamp:4  | Entered Level 4 of the Swamp
 45987 | Swamp:4  | Noticed Donald
 46167 | Swamp:3  | Killed Donald
 47034 | Swamp:4  | Reached skill level 19 in Unarmed Combat
 47617 | Swamp:4  | Got a decaying rune of Zot
 48282 | D:15     | Entered Level 15 of the Dungeon
 49152 | D:15     | Noticed Azrael
 49164 | D:15     | Killed Azrael
 49237 | D:15     | Found an opulent altar of Gozag.
 49545 | D:15     | Reached XP level 18. HP: 140/140 MP: 19/33
 49599 | D:15     | Found a staircase to the Depths.
 50033 | Snake:3  | Killed Vashnia
 50381 | Snake:4  | Entered Level 4 of the Snake Pit
 51032 | Snake:4  | Noticed Roxanne
 51456 | Snake:4  | Reached skill level 20 in Unarmed Combat
 53461 | Snake:4  | Got a serpentine rune of Zot
 53662 | Bazaar   | Entered a bazaar
 53671 | Bazaar   | Found Genar's Gadget Shop.
 53685 | Bazaar   | Found Xuacs's Book Shop.
 53848 | Slime:1  | Entered Level 1 of the Pits of Slime
 55011 | Slime:2  | Gained mutation: You are frail. (-10% HP) [a shining eye]
 55215 | Slime:1  | Gained mutation: Your magical and physical power is slightly enhanced at high health. [demonic ancestry]
 55215 | Slime:1  | Reached XP level 19. HP: 44/136 MP: 0/34
 55825 | Slime:3  | Gained mutation: You have a pair of small horns on your head. [a shining eye]
 55828 | Slime:3  | Gained mutation: Scrolls take you a little longer to read. [a shining eye]
 55833 | Slime:3  | Lost mutation: Scrolls take you a little longer to read. [potion of mutation]
 55833 | Slime:3  | Lost mutation: You have a pair of small horns on your head. [potion of mutation]
 55833 | Slime:3  | Lost mutation: You are frail. (-10% HP) [potion of mutation]
 55833 | Slime:3  | Gained mutation: Your muscles are strong. (Str +2) [potion of mutation]
 55833 | Slime:3  | Gained mutation: You are resistant to hostile enchantments. (MR+) [potion of mutation]
 55833 | Slime:3  | Gained mutation: Your flesh is heat resistant. (rF+) [potion of mutation]
 56168 | Vaults:1 | Entered Level 1 of the Vaults
 56555 | Vaults:1 | Noticed Saint Roka
 56813 | Vaults:1 | Killed Saint Roka
 56994 | Vaults:1 | Found Xopu's Book Shoppe.
 57558 | Vaults:1 | Reached skill level 21 in Unarmed Combat
 58069 | Vaults:1 | Slain by a two-headed ogre

Skill      XL: |  1  2  3  4  5  6  7  8  9 10 11 12 13 14 15 16 17 18 19 |
---------------+----------------------------------------------------------+-----
Conjurations   | 2 3 4 |  4.0
Air Magic      | 1 2 4 5 6 |  6.6
Poison Magic   | 1 2 |  2.1
Translocations | 1 2 3 4 |  4.2
Fire Magic     | 1 2 3 5 |  5.5
Fighting       | 2 3 5 8 9 10 11 14 | 14.0
Spellcasting   | 4 6 7 8 9 10 11 | 11.6
Dodging        | 3 4 |  4.7
Armour         | 2 8 9 10 11 12 | 12.7
Unarmed Combat | 7 11 12 14 16 18 19 20 21 | 21.3
Evocations     | 2 |  2.4
Summonings     | 2 |  2.0
Hexes          | 2 |  2.7
Stealth        | |  1.7

Action                   |  1- 3 |  4- 6 |  7- 9 | 10-12 | 13-15 | 16-18 | 19-21 || total
-------------------------+-------+-------+-------+-------+-------+-------+-------++-------
Melee: Unarmed           |     7 |       |       |       |  1034 |  1663 |   288 ||  2992
       Mace              |    23 |    72 |       |       |       |       |       ||    95
       Dagger            |       |     4 |   152 |       |       |       |       ||   156
       Hand axe          |       |       |    95 |   266 |       |       |       ||   361
       Punch             |       |       |       |     6 |    45 |    69 |    22 ||   142
       Quarterstaff      |       |       |       |   339 |   418 |       |       ||   757
       Headbutt          |       |       |       |       |       |       |     1 ||     1
 Fire: Blowgun           |       |    15 |       |       |       |    16 |     3 ||    34
Throw: Javelin           |     8 |     4 |     1 |     7 |     9 |       |       ||    29
       Throwing net      |       |       |       |       |     3 |       |       ||     3
 Cast: Magic Dart        |    52 |   105 |   105 |    65 |    12 |    10 |     1 ||   350
       Mephitic Cloud    |     2 |     5 |    18 |    38 |    60 |    40 |    13 ||   176
       Conjure Flame     |       |     2 |     9 |    82 |   181 |   190 |    49 ||   513
       Searing Ray       |       |       |    17 |    49 |    56 |    10 |     3 ||   135
       Blink             |       |       |     2 |    18 |    47 |    22 |     7 ||    96
       Dazzling Spray    |       |       |       |    14 |       |       |       ||    14
       Apportation       |       |       |       |       |     3 |       |       ||     3
       Summon Butterflie |       |       |       |       |     2 |     7 |       ||     9
       Poisonous Vapours |       |       |       |       |   100 |    57 |    46 ||   203
       Confusing Touch   |       |       |       |       |       |     4 |       ||     4
Invok: Call Merchant     |       |       |     1 |     2 |     4 |     3 |       ||    10
 Abil: Evoke Berserk Rag |       |       |       |       |       |     1 |       ||     1
Evoke: Wand              |       |       |       |    19 |    26 |    32 |     1 ||    78
       Phial of floods   |       |       |       |       |     1 |     1 |       ||     2
       Lamp of fire      |       |       |       |       |       |     1 |     1 ||     2
       Fan of gales      |       |       |       |       |       |     1 |       ||     1
  Use: Scroll            |     3 |     2 |     3 |    12 |    13 |    12 |     1 ||    46
       Potion            |     2 |       |       |     2 |     3 |     2 |     3 ||    12
 Stab: Confused          |     1 |     2 |     6 |    12 |    33 |    23 |     6 ||    83
       Sleeping          |       |       |     4 |     2 |     2 |     2 |       ||    10
       Distracted        |       |       |       |     2 |     7 |     7 |       ||    16
       Paralysed         |       |       |       |     8 |    12 |       |       ||    20
       Held in net/web   |       |       |       |       |     3 |       |       ||     3
  Eat: Chunk             |     2 |     4 |     7 |       |     3 |       |       ||    16
       Ration            |       |     2 |     2 |    10 |    15 |    17 |     2 ||    48
Armor: Robe              |    18 |    32 |       |       |       |       |       ||    50
       Leather armour    |       |       |   118 |   105 |       |       |       ||   223
       Fire dragon scale |       |       |       |   105 |   428 |   125 |    52 ||   710
       Chain mail        |       |       |       |       |   142 |   534 |       ||   676
       Skin              |       |       |       |       |       |     3 |       ||     3
Dodge: Dodged            |    41 |    63 |   147 |   300 |   463 |   382 |    61 ||  1457
       Deflected         |       |       |       |       |       |    47 |     4 ||    51
Block: Other             |       |       |       |    82 |   205 |   169 |    21 ||   477
